cohdb
Replays
Latest Replays
All Replays
Popular Replays
Top Player Replays
Match Explorer
How It Works
Community
CoH3 Stats
Reddit
Sign in to upload your games and track your stats! →
Sign in with Steam
Match 45271195
Unlisted
Match 45271195
Overview
Messages
Build Orders
End
Royal Engineer Section
Construct Section Command Post
Infantry Section
Infantry Section
Infantry Section
Selects Air and Sea Battlegroup
Selects Supply Surplus
Construct Resource Cache
Construct Resource Cache
Construct Platoon Command Post
Construct Field Infirmary
Selects UNKNOWN (223837)
Construct Company Command Post
Selects Commando Section Paradrop
Selects Commando Support Section Paradrop
Foot Guards Section
Centaur IV Medium Tank
Stormless
Grunka Lunka
[=v=]ClaudiaEnfield
Doge 👊🏻🇺🇸🔥
0
0
Comments
sign in to comment!
No comments posted yet!